 Dungeon Crawl Stone Soup version 0.23.2-30-g0e89c35649 (webtiles) character file.

Game seed: 5724351027780892595

8699 doot the Covert (level 11, 0/50 (51) HPs)
             Began as a Spriggan Enchanter on June 19, 2019.
             Was a Follower of Nemelex Xobeh.
             Slain by a two-headed ogre
             ... wielding a +0 giant club
              (24 damage)
             ... on level 10 of the Dungeon.
             The game lasted 00:31:52 (11583 turns).

doot the Covert (Spriggan Enchanter)               Turns: 11583, Time: 00:31:57

HP:   0/50 (51)     AC:  5    Str:  4    XL:     11   Next: 13%
MP:   14/26         EV: 20    Int: 19    God:    Nemelex Xobeh [*.....]
Gold: 540           SH:  0    Dex: 13    Spells: 15/31 levels left

rFire    + . .     SeeInvis +   H - +5 short sword (holy)
rCold    + . .     Gourm    .   (shield restricted)
rNeg     . . .     Faith    .   u - +2 robe "Gionoum" {+Fly rPois rF+ Dex-5}
rPois    +         Spirit   .   (helmet restricted)
rElec    .         Reflect  .   B - +0 cloak
rCorr    .         Harm     .   (gloves unavailable)
MR       +....                  (boots unavailable)
Stlth    ++++++....             (no amulet)
HPRegen  0.16/turn              I - ring of protection from cold
MPRegen  0.20/turn              r - ring of wizardry

@: very quick
A: very small, unfitting armour, see invisible, herbivore, speed 3, slow
metabolism 2
a: Draw Escape, Draw Destruction, Draw Summoning, Renounce Religion, Evoke
Flight


You were on level 10 of the Dungeon.
You worshipped Nemelex Xobeh.
Nemelex Xobeh was aware of your devotion.
You were not hungry.

You visited 2 branches of the dungeon, and saw 11 of its levels.

You collected 582 gold pieces.
You spent 42 gold pieces at shops.

Inventory:

Hand Weapons
 a - a +1 dagger
 F - a +2 dagger of speed
 H - a +5 short sword of holy wrath (weapon)
Armour
 b - a +0 robe
 u - the +2 robe "Gionoum" (worn) {+Fly rPois rF+ Dex-5}
   (You found it on level 4 of the Dungeon)

   It affects your dexterity (-5).
   It protects you from fire.
   It protects you from poison.
   It lets you fly.
 B - a +0 cloak (worn)
Magical Staves
 J - an uncursed staff of poison
Jewellery
 o - an uncursed ring of resist corrosion
 r - a ring of wizardry (right hand)
 I - a ring of protection from cold (left hand)
Wands
 p - a wand of digging (6)
 y - a wand of clouds (5)
 A - a wand of scattershot (5)
 E - a wand of iceblast (18)
Scrolls
 c - 2 scrolls of teleportation {unknown}
 e - 5 scrolls of noise {unknown}
 i - 6 scrolls of remove curse {unknown}
 j - a scroll of immolation {unknown}
 k - 5 scrolls of identify {unknown}
 l - 6 scrolls of amnesia {unknown}
 n - 3 scrolls of blinking {unknown}
 s - 5 scrolls of enchant armour {unknown}
 w - a scroll of vulnerability {unknown}
 C - 2 scrolls of fog {unknown}
Potions
 f - a potion of ambrosia {unknown}
 g - 6 potions of degeneration {unknown}
 h - a potion of agility {unknown}
 m - a potion of flight {unknown}
 q - 5 potions of curing
 t - a potion of heal wounds {unknown}
 v - a potion of might {unknown}
 x - a potion of cancellation {unknown}
 z - a potion of mutation {unknown}
 D - 2 potions of haste {unknown}
 G - a potion of berserk rage {unknown}
Comestibles
 d - 9 rations


   Skills:
 + Level 2.5 Fighting
 + Level 5.0 Short Blades
 + Level 5.8 Dodging
 + Level 14.2 Stealth
 + Level 10.6 Spellcasting
 + Level 9.5 Hexes
 + Level 2.1 Necromancy
 + Level 4.8 Ice Magic
 + Level 0.2 Evocations


You had 15 spell levels left.
You knew the following spells:

 Your Spells              Type           Power        Failure   Level  Hunger
a - Corona                Hex            #####..      1%          1    None
b - Ensorcelled Hibernat  Hex/Ice        #####.       1%          2    None
c - Confuse               Hex            #####...     1%          3    None
d - Tukima's Dance        Hex            #####...     1%          3    None
e - Regeneration          Chrm/Necr      ##........   6%          3    None
f - Animate Dead          Necr           N/A          12%         4    ##.....

Your spell library contained the following spells:

 Spells                   Type           Power        Failure   Level  Hunger
 Animate Skeleton         Necr           N/A          1%          1    None
 Pain                     Necr           ###.         1%          1    None
 Dazzling Spray           Conj/Hex       ####..       1%          3    None
 Vampiric Draining        Necr           ###.......   3%          3    None


Dungeon Overview and Level Annotations

Branches:
Dungeon (10/15)            Temple (1/1) D:7
   Lair: D:8-11         Orc: D:9-12

Altars:
Ashenzari
Cheibriados
Dithmenos
Elyvilon
Fedhas
Gozag
Hepliaklqana
Kikubaaqudgha
Makhleb
Nemelex Xobeh
Okawaru
Qazlal
Ru
Sif Muna
Trog
Uskayaw
Vehumet
Wu Jian
Xom
Yredelemnul
Zin
The Shining One

Shops:
D:4 !


Innate Abilities, Weirdness & Mutations

You are very small and have problems with some larger weapons.
You are too small for most types of armour.
You have supernaturally acute eyesight. (SInv)
You are a herbivore.
You cover ground extremely quickly.
You need to consume almost no food.


Message History

Okay, then.
Casting: Ensorcelled Hibernation (safe; 1% risk of failure)
Confirm with . or Enter, or press ? or * to list all spells.
Aiming: Ensorcelled Hibernation (safe; 1% risk of failure)
Press: ? - help, Shift-Dir - straight line, f/p - two-headed ogre
Aim: a two-headed ogre, wielding a +0 giant club and a +0 giant spiked club (chance to defeat MR: 48%)
Okay, then.
Casting: Ensorcelled Hibernation (safe; 1% risk of failure)
Confirm with . or Enter, or press ? or * to list all spells.
Aiming: Ensorcelled Hibernation (safe; 1% risk of failure)
Press: ? - help, Shift-Dir - straight line, f/p - two-headed ogre
Aim: a two-headed ogre, wielding a +0 giant club and a +0 giant spiked club (chance to defeat MR: 48%)
The two-headed ogre looks drowsy...
The helpless two-headed ogre fails to defend itself.
You stick the two-headed ogre like a pincushion!!!
The two-headed ogre is almost dead.
The two-headed ogre hits you with a +0 giant club!!
The two-headed ogre hits you with a +0 giant spiked club!!
You die...
Your body disappears without a glow.

.........
........#
........#
.....l..## +#####
.........##.......
.......#†# .......
.......#.##......
.........O.......
#########@##.###.#
#........#.#
#.##.......# #.
#.#<..### #.
#...###### #.
#........#
..##...####.#
..#.....# #.#
.##.....###.#


You could see a two-headed ogre.

Vanquished Creatures
  Harold (D:9)
  Erica (D:9)
  A centaur warrior (D:9)
  Pikel (D:4)
  Joseph (D:9)
  2 trolls (D:8)
  3 yaks (D:8)
  A wyvern (D:8)
  Menkaure (D:7)
  A soldier ant (D:10)
  A water moccasin (D:9)
  A sky beast (D:4)
  2 orc warriors
  An ice beast (D:8)
  2 black bears
  2 ogres
  4 necrophages
  A phantom (D:5)
  6 centaurs
  A big kobold (D:7)
  A bullfrog (D:7)
  A water moccasin zombie (D:6)
  A water moccasin skeleton (D:8)
  3 howler monkeys (D:9)
  An electric eel (D:7)
  3 wights
  3 crimson imps
  A bullfrog zombie (D:7)
  6 hounds
  A jelly (D:9)
  4 orc priests
  Crazy Yiuf (D:6)
  7 orc wizards
  A centaur skeleton (D:7)
  5 iguanas
  Terence (D:2)
  11 worker ants
  A hound skeleton (D:7)
  A mummy (D:9)
  3 worker ant zombies
  2 howler monkey zombies
  A howler monkey skeleton (D:4)
  11 adders
  5 shadow imps
  4 oozes
  3 adder zombies
  An adder skeleton (D:4)
  4 worms
  A dart slug (D:4)
  4 leopard geckos
  26 orcs
  8 giant cockroaches
  4 goblins (D:1)
  13 hobgoblins
  5 jackals
  3 ball pythons
  12 bats
  A frilled lizard (D:4)
  A jackal skeleton (D:7)
  11 kobolds
  A leopard gecko skeleton (D:5)
  A quokka zombie (D:5)
  6 rats
218 creatures vanquished.

Vanquished Creatures (collateral kills)
  2 two-headed ogres (D:8)
  A necrophage (D:8)
  2 adders
  A quokka (D:8)
6 creatures vanquished.

Vanquished Creatures (others)
  A bullfrog zombie (D:9)
  6 jackals (D:4)
7 creatures vanquished.

Grand Total: 231 creatures vanquished

Notes
Turn   | Place    | Note
-------+----------+-------------------------------------------
     0 | D:1      | doot the Spriggan Enchanter began the quest for the Orb.
     0 | D:1      | Reached XP level 1. HP: 9/9 MP: 5/5
   272 | D:1      | Reached XP level 2. HP: 13/13 MP: 6/6
   277 | D:1      | Learned a level 2 spell: Ensorcelled Hibernation
   911 | D:1      | Reached skill level 5 in Stealth
   965 | D:1      | Reached XP level 3. HP: 16/16 MP: 3/8
  1122 | D:1      | Learned a level 3 spell: Confuse
  1548 | D:2      | Reached skill level 1 in Ice Magic
  1552 | D:2      | Reached XP level 4. HP: 21/21 MP: 2/9
  1775 | D:2      | Found a faded altar of an unknown god.
  1882 | D:2      | Noticed Terence
  1889 | D:2      | Killed Terence
  1889 | D:2      | Reached skill level 6 in Stealth
  2413 | D:3      | Reached XP level 5. HP: 24/24 MP: 1/10
  3228 | D:4      | Learned a level 3 spell: Tukima's Dance
  3254 | D:4      | Noticed a sky beast
  3264 | D:4      | Killed a sky beast
  3264 | D:4      | Reached skill level 7 in Stealth
  3305 | D:4      | Reached XP level 6. HP: 28/28 MP: 9/12
  3673 | D:4      | Reached skill level 5 in Hexes
  3687 | D:4      | Got a silken robe
  3698 | D:4      | Identified the +2 robe "Gionoum" {+Fly rPois rF+ Dex-5}
                  | (You found it on level 4 of the Dungeon)
  3698 | D:4      | Found Kogapelu's Distillery.
  3708 | D:4      | Bought a potion of curing for 42 gold pieces
  3749 | D:4      | Noticed a slave
  3754 | D:4      | Noticed Pikel
  3754 | D:4      | Noticed a slave
  3754 | D:4      | Noticed a slave
  3754 | D:4      | Noticed a slave
  3769 | D:4      | Killed Pikel
  3769 | D:4      | Reached skill level 9 in Stealth
  3769 | D:4      | Reached skill level 5 in Spellcasting
  3769 | D:4      | Reached XP level 7. HP: 13/32 MP: 0/15
  4069 | D:4      | Found an opulent altar of Gozag.
  4428 | D:5      | Entered Level 5 of the Dungeon
  4480 | D:5      | Reached XP level 8. HP: 37/37 MP: 13/17
  4655 | D:5      | Reached skill level 1 in Fighting
  5317 | D:5      | Found a stormy altar of Qazlal.
  5439 | D:6      | Found a glowing silver altar of Zin.
  5635 | D:6      | Reached skill level 10 in Stealth
  5668 | D:6      | Found a blossoming altar of Fedhas.
  6097 | D:6      | Found a runed translucent door.
  6098 | D:6      | Noticed Crazy Yiuf
  6105 | D:6      | Killed Crazy Yiuf
  6165 | D:7      | Reached skill level 11 in Stealth
  6270 | D:7      | Reached XP level 9. HP: 40/40 MP: 15/20
  6663 | D:7      | Learned a level 3 spell: Regeneration
  6668 | D:7      | Learned a level 4 spell: Animate Dead
  6920 | D:7      | Reached skill level 5 in Dodging
  7180 | D:7      | Found a staircase to the Ecumenical Temple.
  7203 | D:7      | Noticed Menkaure
  7206 | D:7      | Killed Menkaure
  7221 | Temple   | Entered the Ecumenical Temple
  7328 | Temple   | Became a worshipper of Nemelex Xobeh the Trickster
  7418 | D:7      | Reached skill level 12 in Stealth
  7476 | D:7      | Reached skill level 1 in Necromancy
  7531 | D:7      | Received a gift from Nemelex Xobeh
  7922 | D:8      | Noticed a two-headed ogre
  7933 | D:8      | Killed a two-headed ogre
  7969 | D:8      | Noticed a two-headed ogre
  7982 | D:8      | Killed a two-headed ogre
  7982 | D:8      | Reached XP level 10. HP: 17/45 MP: 4/23
  8266 | D:8      | Reached skill level 13 in Stealth
  9033 | D:9      | Noticed Joseph
 10021 | D:9      | Noticed Harold
 10706 | D:9      | Killed Harold
 10706 | D:9      | Reached skill level 14 in Stealth
 10706 | D:9      | Reached skill level 10 in Spellcasting
 10785 | D:9      | Noticed Erica
 10814 | D:9      | Killed Erica
 11101 | D:9      | Killed Joseph
 11101 | D:9      | Reached XP level 11. HP: 50/50 MP: 14/26
 11211 | D:9      | Noticed a centaur warrior
 11236 | D:9      | Killed a centaur warrior
 11236 | D:9      | Reached skill level 5 in Short Blades
 11286 | D:9      | Reached * piety under Nemelex Xobeh
 11506 | D:10     | Entered Level 10 of the Dungeon
 11564 | D:10     | Noticed a two-headed ogre
 11583 | D:10     | Slain by a two-headed ogre

Skill      XL: |  1  2  3  4  5  6  7  8  9 10 11 |
---------------+----------------------------------+-----
Hexes          | 4 5 6 7 9 |  9.5
Spellcasting   | 3 5 6 8 10 | 10.6
Stealth        | 5 6 7 9 11 12 14 | 14.2
Ice Magic      | 1 2 3 4 |  4.8
Short Blades   | 2 3 4 5 |  5.0
Dodging        | 4 5 |  5.8
Fighting       | 1 2 |  2.5
Necromancy     | 2 |  2.1
Evocations     | |  0.2

Action                   |  1- 3 |  4- 6 |  7- 9 | 10-12 || total
-------------------------+-------+-------+-------+-------++-------
Melee: Dagger            |    66 |   105 |   230 |   157 ||   558
       Short sword       |       |       |       |    38 ||    38
 Cast: Corona            |     4 |     4 |     2 |       ||    10
       Ensorcelled Hiber |    38 |    51 |    78 |    93 ||   260
       Confuse           |       |     3 |    16 |    47 ||    66
       Animate Dead      |       |       |     5 |     5 ||    10
Evoke: Wand              |       |       |       |     1 ||     1
 Stab: Sleeping          |    32 |    35 |    56 |    45 ||   168
       Confused          |       |     2 |    11 |    22 ||    35
       Distracted        |       |       |     1 |       ||     1
  Eat: Ration            |       |     2 |     3 |     3 ||     8
Armor: Robe              |     8 |     5 |    23 |    15 ||    51
Dodge: Dodged            |    87 |    80 |   154 |   157 ||   478
